 Dungeon Crawl Stone Soup version 0.29.0-11-gd7f09526c8 (webtiles) character file.

Game seed: 7977643036350222258

1908 Peloso the Carver (level 8, -4/71 HPs)
             Began as a Minotaur Fighter on Sept 2, 2022.
             Killed from afar by Maggie (18 damage)
             ... with a bolt of fire
             ... on level 7 of the Dungeon.
             The game lasted 00:09:47 (4468 turns).

Peloso the Carver (Minotaur Fighter)                Turns: 4468, Time: 00:09:47

Health: -4/71      AC: 14    Str: 22    XL:     8   Next: 94%
Magic:  7/7        EV:  9    Int:  5    God:
Gold:   328        SH:  6    Dex: 17    Spells: 7/7 levels left

rFire   . . .      SeeInvis .   a - +0 long sword
rCold   . . .      Faith    .   c - +0 buckler
rNeg    . . .      Spirit   .   b - +0 chain mail
rPois   .          Reflect  .   k - +2 hat
rElec   .          Harm     .   (no cloak)
rCorr   .          Rampage  .   (no gloves)
Will    .....                   B - +0 pair of boots
Stlth   ..........              (no amulet)
HPRegen 0.21/turn               v - +6 ring of dexterity
MPRegen 0.10/turn               (no ring)

@: mighty
A: horns 2, retaliatory headbutt
a: no special abilities


You were on level 7 of the Dungeon.
You visited 1 branch of the dungeon, and saw 7 of its levels.

You collected 328 gold pieces.

Inventory:

Hand Weapons
 a - a +0 long sword (weapon)
Armour
 b - a +0 chain mail (worn)
 c - a +0 buckler (worn)
 k - a +2 hat (worn)
 B - a +0 pair of boots (worn)
Jewellery
 v - a +6 ring of dexterity (left hand)
 y - a ring of wizardry
Scrolls
 f - 6 scrolls of identify {unknown}
 i - a scroll of enchant armour {unknown}
 j - 4 scrolls of teleportation {unknown}
 l - 2 scrolls of vulnerability {unknown}
 n - a scroll of silence {unknown}
 p - a scroll of poison {unknown}
 q - a scroll of fear {unknown}
 t - a scroll of butterflies {unknown}
 u - a scroll of torment {unknown}
 w - a scroll of enchant weapon {unknown}
 x - a scroll of acquirement {unknown}
 z - 2 scrolls of noise {unknown}
 A - a scroll of summoning {unknown}
Potions
 e - 2 potions of mutation {unknown}
 g - 2 potions of curing {unknown}
 h - a potion of resistance {unknown}
 m - a potion of attraction {unknown}
 o - a potion of brilliance {unknown}
 r - a potion of magic {unknown}
 s - 2 potions of cancellation {unknown}


   Skills:
 + Level 6.4 Fighting
 + Level 9.1 Long Blades
 + Level 7.3 Armour
 + Level 2.9 Dodging
 + Level 0.1 Stealth
 + Level 6.8 Shields


You had 7 spell levels left.
You didn't know any spells.
Your spell library contained the following spells:

 Spells                   Type           Power      Damage    Failure   Level
 Foxfire                  Conj/Fire      0%         2x1d4     99%         1
 Conjure Flame            Conj/Fire      0%         6-21      100%        3
 Inner Flame              Hex/Fire       0%         N/A       100%        3
 Flame Wave               Conj/Fire      0%         2d4       100%        4


Dungeon Overview and Level Annotations

Branches:
Dungeon (7/15)
 Temple: D:4-7

Altars:
Fedhas
Gozag
Makhleb
Nemelex Xobeh
Sif Muna
Trog
Uskayaw
The Shining One

Shops:
D:5 ([

Annotations:
D:7 Maggie


Innate Abilities, Weirdness & Mutations

You have a pair of horns on your head.
You reflexively headbutt those who attack you in melee.


Message History

a +0 scale mail; a +0 spear You now have 328 gold pieces (gained 19).
A gargoyle comes into view. It is wielding a +0 mace of protection.
You feel very mighty all of a sudden.
Found 5 gold pieces.
The gargoyle hurls a stone arrow at you.
The stone arrow hits you.
You completely miss the gargoyle.
The gargoyle hits you with a +0 mace of protection!
You hit the gargoyle. You headbutt the gargoyle!
The gargoyle is heavily damaged.
You block the gargoyle's attack.
The gargoyle hurls a stone arrow at you.
The stone arrow hits you.
You hit the gargoyle.
The gargoyle is heavily damaged.
The gargoyle hurls a stone arrow at you.
The stone arrow hits you!
You slash the gargoyle!
You headbutt the gargoyle, but do no damage.
The gargoyle is severely damaged.
The gargoyle hurls a stone arrow at you.
The stone arrow hits you!
You hit the gargoyle but do no damage.
The gargoyle is severely damaged.
The gargoyle hits you with a +0 mace of protection!
* * * LOW HITPOINT WARNING * * *
You hit the gargoyle but do no damage. You headbutt the gargoyle.
The gargoyle is almost destroyed.
The gargoyle hits you with a +0 mace of protection.
* * * LOW HITPOINT WARNING * * *
You slash the gargoyle!
You destroy the gargoyle!
Your Long Blades skill increases to level 9!
Maggie the Vainglorious comes into view.
She is wielding a +2 morningstar of pain.
Maggie shouts!
You see here a +0 mace of protection.
Maggie gestures at you while chanting. The bolt of fire hits you!!
You die...

...#### #...............†
......# #.......#.......♣ ....
..:..###.......#.....♣.. ....
.......##.....##.....♣♣. ..@..
#...#.##....#####...... .....
##........##.## ##..♣♣.
......##...##........#####..♣..
......#.......................♣
..........#.##@####.....###....
.......)...@......#.###.####...
.......################..###...
....... #.........# .......
####..#.#.# ....... ####....#.#
......$ #.##..#.... .......
#......##.# .....## ##..##.....


You could see Maggie.

Vanquished Creatures
  A gargoyle (D:7)
  Grinder (D:5)
  A sky beast (D:6)
  A black bear (D:7)
  A centaur (D:6)
  2 phantoms
  A bullfrog (D:6)
  A gnoll sergeant (D:7)
  A necrophage (D:4)
  4 scorpions (D:5)
  A howler monkey (D:4)
  A jelly (D:6)
  2 hounds
  3 orc priests
  4 iguanas
  2 orc wizards (D:6)
  6 gnolls
  9 adders
  A shadow imp (D:6)
  2 ufetubi
  A worm (D:2)
  19 orcs
  4 ball pythons
  3 bats (D:2)
  8 endoplasms
  2 giant cockroaches
  5 goblins
  4 hobgoblins
  3 jackals (D:3)
  3 quokkas
  2 kobolds
  2 rats (D:2)
101 creatures vanquished.

Vanquished Creatures (others)
  A wizard (D:3)
1 creature vanquished.

Grand Total: 102 creatures vanquished

Notes
Turn   | Place    | Note
-------+----------+-------------------------------------------
     0 | D:1      | Peloso the Minotaur Fighter began the quest for the Orb.
     0 | D:1      | Reached XP level 1. HP: 19/19 MP: 0/0
   206 | D:1      | Found a faded altar of an unknown god.
   333 | D:1      | Reached XP level 2. HP: 25/27 MP: 1/1
   639 | D:2      | Reached XP level 3. HP: 33/33 MP: 2/2
   945 | D:2      | Found a shimmering blue altar of Sif Muna.
  1179 | D:3      | Found an opulent altar of Gozag.
  1212 | D:3      | Found a burning altar of Makhleb.
  1218 | D:3      | Found a glowing golden altar of the Shining One.
  1224 | D:3      | Reached skill level 3 in Long Blades
  1224 | D:3      | Reached XP level 4. HP: 40/40 MP: 3/3
  1567 | D:3      | Found a bloodstained altar of Trog.
  1569 | D:3      | Noticed a wizard
  1574 | D:3      | Killed a wizard
  1888 | D:4      | Noticed a phantom
  1905 | D:4      | Killed a phantom
  1906 | D:4      | Reached skill level 4 in Long Blades
  1906 | D:4      | Reached skill level 1 in Dodging
  1906 | D:4      | Reached XP level 5. HP: 41/47 MP: 4/4
  2052 | D:4      | Reached skill level 5 in Shields
  2086 | D:4      | Reached skill level 5 in Armour
  2086 | D:4      | Reached XP level 6. HP: 32/53 MP: 5/5
  2367 | D:4      | Reached skill level 5 in Long Blades
  2648 | D:5      | Entered Level 5 of the Dungeon
  2648 | D:5      | Found Wetryfaj's Weapon Boutique.
  2887 | D:5      | Reached skill level 5 in Fighting
  2887 | D:5      | Reached XP level 7. HP: 61/61 MP: 6/6
  2911 | D:5      | Reached skill level 6 in Long Blades
  3236 | D:5      | Found a hide-covered altar of Uskayaw.
  3388 | D:5      | Found Tavuzuung's Antique Armour Boutique.
  3464 | D:6      | Noticed Grinder
  3478 | D:5      | Killed Grinder
  3479 | D:5      | Reached skill level 7 in Long Blades
  3544 | D:6      | Reached XP level 8. HP: 59/68 MP: 7/7
  3733 | D:6      | Found a sparkling altar of Nemelex Xobeh.
  3863 | D:6      | Found a shimmering blue altar of Sif Muna.
  3952 | D:6      | Reached skill level 8 in Long Blades
  4134 | D:7      | Found a blossoming altar of Fedhas.
  4446 | D:7      | Noticed a gargoyle
  4456 | D:7      | Killed a gargoyle
  4457 | D:7      | Reached skill level 9 in Long Blades
  4457 | D:7      | Noticed Maggie
  4468 | D:7      | Killed from afar by Maggie

Illustrated notes

Levels and vault maps discovered:
D:1:      matt_arrival_grand_opening, layout_rooms,
          chequers_ecumenical_altar_island
D:2:      layout_rooms, basic_altar
D:3:      layout_rooms, mainiacjoe_overflow_paths, mainiacjoe_overflow_alcove_1,
          trog_wizard, nicolae_overflow_crystal_walls
D:4:      layout_loops_ring
D:5:      layout_rooms, nicolae_uskayaw_suspiria, serial_shops,
          nicolae_shop_hallway_stairs, nicolae_shop_behind_doors
D:6:      layout_basic, okawaru_ov_weapons_minmay, grunt_temple_overflow_open,
          nicolae_qazlal_eye_of_the_storm, nicolae_sif_muna_condensation,
          nrook_pool_corridor, uniq_grinder
D:7:      layout_rooms, lemuel_round_altar, mainiacjoe_overflow_small_starburst,
          minmay_temple_entry_poolview, minmay_door_square, minmay_small_thing,
          uniq_crazy_yiuf_cottage, uniq_maggie

Skill      XL: |  1  2  3  4  5  6  7  8 |
---------------+-------------------------+-----
Shields        | 4 5 6 |  6.8
Fighting       | 4 5 6 |  6.4
Armour         | 4 5 6 7 |  7.3
Long Blades    | 3 4 5 7 9 |  9.1
Dodging        | 1 2 |  2.9
Stealth        | |  0.1

Action                   |  1- 3 |  4- 6 |  7- 9 || total
-------------------------+-------+-------+-------++-------
Melee: Long sword        |    68 |    93 |   154 ||   315
       Headbutt          |    10 |    20 |    25 ||    55
  Use: Potion            |       |       |     1 ||     1
Armor: Scale mail        |    37 |     1 |       ||    38
       Chain mail        |       |    45 |    98 ||   143
Dodge: Dodged            |    35 |    33 |    60 ||   128
Block: Buckler           |    17 |    29 |    45 ||    91
